 Dungeon Crawl Stone Soup version 0.22-a0-479-gc6e99f3 (webtiles) character file.

213 Tallim the Cleaver (level 5, -2/45 HPs)
             Began as a Hill Orc Monk on June 14, 2018.
             Slain by Edmund
             ... wielding a +0 flail of protection
              (4 damage)
             ... on level 5 of the Dungeon.
             The game lasted 00:07:11 (3117 turns).

Tallim the Cleaver (Hill Orc Monk)                  Turns: 3117, Time: 00:07:12

Health: -2/45      AC:  8    Str: 15    XL:     5   Next: 90%
Magic:  5/5        EV:  7    Int: 10    God:
Gold:   153        SH:  0    Dex: 13    Spells: 4/4 levels left

rFire    . . .     SeeInvis .   a - +1 hand axe
rCold    . . .     Gourm    .   (no shield)
rNeg     . . .     Faith    .   o - +0 chain mail
rPois    .         Spirit   .   (no helmet)
rElec    .         Reflect  .   (no cloak)
rCorr    .         Harm     .   (no gloves)
MR       .....                  (no boots)
Stlth    ..........             (no amulet)
HPRegen  0.15/turn              (no ring)
MPRegen  0.09/turn              (no ring)

@: no status effects
A: no striking features
a: no special abilities


You were on level 5 of the Dungeon.
You were not hungry.

You visited 1 branch of the dungeon, and saw 4 of its levels.

You collected 153 gold pieces.

Inventory:

Hand Weapons
 a - a +1 hand axe (weapon)
Armour
 b - a +0 robe
 g - a +0 hat
 o - a +0 chain mail (worn)
Jewellery
 d - an uncursed amulet of magic regeneration {unknown}
 m - an uncursed ring of fire {unknown}
Wands
 n - a wand of enslavement (11)
 q - a wand of paralysis (13)
Scrolls
 k - a scroll of teleportation
 l - a scroll of enchant weapon
 p - a scroll of enchant armour {unknown}
Potions
 e - a potion of agility {unknown}
 f - 2 potions of heal wounds {unknown}
 h - a potion of flight {unknown}
 i - 2 potions of might {unknown}
 j - a potion of curing
 r - a potion of mutation {unknown}
Comestibles
 c - 5 rations


   Skills:
 + Level 3.6 Fighting
 * Level 8.4 Axes
 - Level 2.4 Dodging
 - Level 1.5 Stealth


You had 4 spell levels left.
You didn't know any spells.
Your spell library contained the following spells:

 Spells                   Type           Power        Failure   Level  Hunger
 Throw Frost              Conj/Ice       #.....       100%        2    ###....
 Freeze                   Ice            #...         100%        1    ##.....
 Summon Ice Beast         Ice/Summ       #.......     100%        4    #####..
 Ozocubu's Armour         Chrm/Ice       #.......     100%        3    ####...
 Throw Icicle             Conj/Ice       #.......     100%        4    #####..


Dungeon Overview and Level Annotations

Branches:
Dungeon (3/15)

Altars:
Wu Jian

Annotations:
D:5 Edmund


Message History

Edmund is heavily wounded.
Edmund hits you with a flail of protection!
* * * LOW HITPOINT WARNING * * *
You hit Edmund but do no damage.
Edmund is heavily wounded.
Edmund hits you but does no damage.
You hit Edmund but do no damage.
Edmund is heavily wounded.
You barely miss Edmund.
Edmund is heavily wounded.
Edmund hits you but does no damage.
You hit Edmund but do no damage.
Edmund is heavily wounded.
Edmund hits you but does no damage.
You barely miss Edmund.
Edmund is heavily wounded.
You hit Edmund.
Edmund is heavily wounded.
Edmund hits you with a flail of protection.
You die...

###############
#.............#
#####.###########.#
#.....# #.# #....@####
#.###
#....@....#######...##
#......##.#>..........
#....#.#.....#.##.####
#.... .#..#...........
#.... .#.....#....####
#.?..#....#..######
.....######..#
#......#


You could see Edmund.

Vanquished Creatures
  A scorpion (D:2)
  Terence (D:3)
  Natasha (D:2)
  5 adders
  An ooze (D:2)
  An adder skeleton (D:5)
  A worm (D:2)
  2 dart slugs
  2 leopard geckos
  4 orcs (D:3)
  6 bats
  4 giant cockroaches
  2 hobgoblins (D:1)
  2 kobolds
  A ball python (D:2)
  10 frilled lizards
  8 goblins
  A jackal skeleton (D:2)
  6 rats
59 creatures vanquished.

Notes
Turn   | Place    | Note
-------+----------+-------------------------------------------
     0 | D:1      | Tallim the Hill Orc Monk began the quest for the Orb.
     0 | D:1      | Reached XP level 1. HP: 19/19 MP: 1/1
   149 | D:1      | Reached XP level 2. HP: 13/26 MP: 2/2
   471 | D:1      | Reached skill level 5 in Axes
   788 | D:2      | Reached XP level 3. HP: 24/31 MP: 3/3
  1161 | D:2      | Reached skill level 6 in Axes
  1269 | D:2      | Noticed a scorpion
  1290 | D:2      | Killed a scorpion
  1290 | D:2      | Reached skill level 7 in Axes
  1290 | D:2      | Reached XP level 4. HP: 8/39 MP: 4/4
  1465 | D:2      | Found an ornate altar of the Wu Jian Council.
  1688 | D:2      | Reached XP level 5. HP: 22/45 MP: 5/5
  2060 | D:2      | Noticed Natasha
  2073 | D:2      | Killed Natasha
  2492 | D:3      | Reached skill level 8 in Axes
  2552 | D:3      | Noticed Terence
  2576 | D:3      | Killed Terence
  2900 | D:3      | You fall through a shaft for 2 floors!
  2900 | D:5      | Entered Level 5 of the Dungeon
  3079 | D:5      | Noticed Edmund
  3111 | D:5      | HP: 1/45 [Edmund/flail of protection (8)]
  3117 | D:5      | Slain by Edmund

Vault maps used:
D:1:      dpeg_arrival_round_c, hangedman_glass_teeth, minmay_lizard_pond
D:2:      lemuel_crystal_altar, uniq_natasha
D:3:      minmay_misc_feat_iff, uniq_terence
D:5:      first_ration, gup_sewer_entry_spiral, uniq_edmund, uniq_grinder,
          uniq_crazy_yiuf_cottage, uniq_menkaure

Skill      XL: |  1  2  3  4  5 |
---------------+----------------+-----
Axes           | 5 7 8 |  8.4
Fighting       | |  3.6
Dodging        | |  2.4
Stealth        | |  1.5

Action                   |  1- 3 |  4- 6 || total
-------------------------+-------+-------++-------
Melee: Hand axe          |   115 |   155 ||   270
  Use: Potion            |     1 |     1 ||     2
       Scroll            |       |     4 ||     4
 Stab: Sleeping          |     6 |       ||     6
  Eat: Chunk             |     1 |     1 ||     2
       Ration            |       |     2 ||     2
Armor: Robe              |    24 |     8 ||    32
       Chain mail        |       |    28 ||    28
Dodge: Dodged            |    80 |    62 ||   142

Table legend:
 A = Spawn XP
 B = Non-spawn XP
 C = Spawn XP percentage of total XP
 D = Spawn monster count
 E = Non-spawn monster count
 F = Spawn count percentage of total count
 G = Total turns spent on level
                    A         B        C        D         E        F      G
               +---------+---------+-------+---------+---------+-------+---------
         Total |       0 |     305 |   0.0 |       0 |      59 |   0.0 |  3117
               +---------+---------+-------+---------+---------+-------+---------
           D:1 |       0 |      27 |   0.0 |       0 |      19 |   0.0 |   764
           D:2 |       0 |     198 |   0.0 |       0 |      27 |   0.0 |  1519
           D:3 |       0 |      70 |   0.0 |       0 |      10 |   0.0 |   617
           D:5 |       0 |      10 |   0.0 |       0 |       3 |   0.0 |   217
               +---------+---------+-------+---------+---------+-------+---------
